 Seeded DCSS version 0.31-a0-1620-gcbf77bbcfc (webtiles) character file.

Game seed: 560841995258110699 (custom seed)

19 Hubris850 the Ruffian (level 2, 23/23 HPs)
             Began as a Draconian Shapeshifter on Jan 11, 2024.
             Quit the game on level 1 of the Dungeon.
             The game lasted 00:00:49 (293 turns).

Hubris850 the Ruffian (Draconian Shapeshifter)       Turns: 293, Time: 00:00:49

Health: 23/23      AC:  4    Str: 16    XL:     2   Next: 55%
Magic:  2/2        EV: 13    Int: 10    God:
Gold:   25         SH:  0    Dex: 10    Spells: 1/1 levels left

rFire   . .          .
                       - Unarmed
rCold   . . .        (no shield)
rNeg    . . .        (body armour unavailable)
rPois   .            (helmet currently unavailable)
rElec   .            (cloak currently unavailable)
rCorr   .            (gloves currently unavailable)
SInv    .            (boots currently unavailable)
Will    .....        (no amulet)
Stlth   +            (no ring)
HPRegen 0.23/turn    (no ring)
MPRegen 0.08/turn

%: no passive effects
@: beast-form
A: beast (slay +2), AC +4, unfitting armour, cold-blooded
a: Begin Untransformation


You were on level 1 of the Dungeon.
You were a hulking beast.
You visited 1 branch of the dungeon, and saw 1 of its levels.

You collected 25 gold pieces.

Inventory:

Missiles
 e - 2 javelins (quivered)
Talismans
 b - a beast talisman
 c - a flux talisman
Potions
 a - 2 potions of lignification
 d - a potion of experience


   Skills:
 - Level 1.1 Fighting
 - Level 4.2 Dodging
 + Level 5.2 Unarmed Combat
 + Level 4.9 Shapeshifting


You had one spell level left.
You didn't know any spells.
Your spell library was empty.

Dungeon Overview and Level Annotations

Branches:
Dungeon (1/15)

Altars:


Innate Abilities, Weirdness & Mutations

You are a hulking beast.
Your limbs bulge with bestial killing power. (Slay +2)
Your plain brown scales are hard. (AC +4)
You cannot fit into any form of body armour.
You are cold-blooded and may be slowed by cold attacks.


Message History

You closely miss the ball python. The ball python barely misses you.
The ball python constricts you.
You hit the ball python.
You kill the ball python!
No target in view!
A dart slug and a goblin come into view.
You punch the dart slug!
You kill the dart slug!
You hit the goblin but do no damage. The goblin hits you with a +0 dagger.
You closely miss the goblin. You hit the goblin.
The goblin is moderately wounded.
The goblin completely misses you.
You punch the goblin!
You kill the goblin!
No target in view!
No target in view!
You see here a +0 dagger.
Found 6 stones.
You now have 25 gold pieces (gained 7).
You see here 6 stones.
A quokka comes into view.
The quokka bites you.
You punch the quokka!
You kill the quokka!
No target in view!
A frilled lizard comes into view.
The frilled lizard hisses angrily.
You hit the frilled lizard.
You kill the frilled lizard!
No target in view!
A frilled lizard comes into view.
The frilled lizard hisses angrily.
You hit the frilled lizard.
You kill the frilled lizard!
No target in view!
No target in view!
A rat comes into view.
The rat squeaks loudly.
Are you sure you want to abandon this character and quit the game? (Confirm with "yes".)

.....#.###....#####..#
######.# #..#........#
#[###.#########.#
#.....# ...# ####
#####.# ...#
....######.# ..#
...........# #####...##
##+#..####.####.........
.+.'..##........h.......
##.#..##.#.####.........
.#.##.##.#.# ###.#...#.
.#.##......# .# ..#
##.#...#.### r. .#
...###.#.# .#. #
####.....# .##.
.##.##.### .. ..
.......#


You could see a rat.

Vanquished Creatures
  A dart slug (D:1)
  A goblin (D:1)
  A hobgoblin (D:1)
  A quokka (D:1)
  A ball python (D:1)
  A bat (D:1)
  2 frilled lizards (D:1)
  A kobold (D:1)
  A rat (D:1)
10 creatures vanquished.

Notes
Turn   | Place    | Note
-------+----------+-------------------------------------------
     0 | D:1      | Hubris850 the Draconian Shapeshifter began the quest for
                  | the Orb.
     0 | D:1      | Reached XP level 1. HP: 16/16 MP: 1/1
    28 | D:1      | Reached skill level 5 in Unarmed Combat
    28 | D:1      | Reached XP level 2. HP: 23/23 MP: 2/2
   293 | D:1      | Quit the game

Illustrated notes

Levels and vault maps discovered:
D:1:      ncdulo_smallfort, layout_loops_cross

Skill      XL: |  1 |
---------------+----+-----
Dodging        | 4 |  4.2
Unarmed Combat | 5 |  5.2
Shapeshifting  | 4 |  4.9
Fighting       | |  1.1

Action                     || total
---------------------------++-------
  Melee: Unarmed           ||    16
         Tailslap          ||     1
    Use: Potion            ||     1
 Armour: Skin              ||     5
  Dodge: Dodged            ||     5

Table legend: (Time is in decaauts)
 A = Elapsed time spent in this place.
 B = Non-inter-level travel time spent in this place.
 C = Inter-level travel time spent in this place.
 D = Time resting spent in this place.
 E = Time spent auto-exploring this place.
 F = Levels seen in this place.
 G = Mean time per level.
                   A        B        C        D        E       F      G
               +--------+--------+--------+--------+--------+-----+--------+
         Total |    291 |    291 |      0 |      0 |    234 |   1 |  291.0 |
       Dungeon |    291 |    291 |      0 |      0 |    234 |   1 |  291.0 |
               +--------+--------+--------+--------+--------+-----+--------+

Top non-repeatable levels by time:
     D:1: 291 daAuts
